3AAA
ALASKAN HUMPBACKS @ SANTA BARBARA GOLDEN CRANES
09/16/2025
 
TOP OF THE 1ST
Alaskan Humpbacks batting - Pitching for Santa Barbara Golden Cranes : RHP Jason Troughton
Pitching: RHP Jason Troughton
Batting: LHB Ray Merrill 0-0: Ball
1-0: SINGLE (Groundball, 4MD)
Batting: RHB Pablo Marrero 0-0: Fielders Choice at 2nd, 1-4 (Groundball, 15)
Batting: RHB Ramón Valdéz 0-0: Ball
1-0: Ball
2-0: Called Strike
2-1: Grounds into double play, 6-4-3 (Groundball, 6)
Top of the 1st over - 0 run(s), 1 hit(s), 0 error(s), 0 left on base; Alaskan 0 - Santa Barbara 0
BOTTOM OF THE 1ST
Santa Barbara Golden Cranes batting - Pitching for Alaskan Humpbacks : RHP Jim Unknown
Pitching: RHP Jim Unknown
Batting: RHB Rubén Campos 0-0: Foul Ball, location: 2F
0-1: Ball
1-1: Ball
2-1: Called Strike
2-2: Ball
3-2: Fly out, F8 (Flyball, 89M)
Batting: RHB Pablo Lugo 0-0: Called Strike
0-1: Ball
1-1: Foul Ball, location: 2F
1-2: SINGLE (Line Drive, 6MD)
Batting: LHB Sixto Álvarez 0-0: Called Strike
0-1: Ball
1-1: Swinging Strike
1-2: Foul Ball, location: 2F
1-2: Grounds into double play, 1-6-3 (Groundball, 13S)
Bottom of the 1st over - 0 run(s), 1 hit(s), 0 error(s), 0 left on base; Alaskan 0 - Santa Barbara 0
TOP OF THE 2ND
Alaskan Humpbacks batting - Pitching for Santa Barbara Golden Cranes : RHP Jason Troughton
Batting: SHB Tony Martínez 0-0: Ball
1-0: Swinging Strike
1-1: Ball
2-1: Fly out, F8 (Flyball, 8LM)
Batting: RHB Román Centena 0-0: Ball
1-0: Called Strike
1-1: Ball
2-1: Ball
3-1: SINGLE (Groundball, 6MD)
Batting: RHB Thom Beach 0-0: Called Strike
0-1: Ball
1-1: Foul Ball, location: 2F
1-2: Fly out, F9 (Flyball, 89S)
Batting: LHB Bryan Gregg 0-0: Called Strike
0-1: SINGLE (Flyball, 8RS)
Román Centena to second
Runner from 2nd tries for 3rd, SAFE, no throw
Batting: LHB Miguel Martínez 0-0: Called Strike
0-1: Ground out 4-3 (Groundball, 34)
Top of the 2nd over - 0 run(s), 2 hit(s), 0 error(s), 2 left on base; Alaskan 0 - Santa Barbara 0
BOTTOM OF THE 2ND
Santa Barbara Golden Cranes batting - Pitching for Alaskan Humpbacks : RHP Jim Unknown
Batting: RHB Logan Manning 0-0: Ball
1-0: Ball
2-0: Called Strike
2-1: Ball
3-1: Base on Balls
Batting: RHB Gilbert Graham 0-0: Ball
1-0: Foul Ball, location: 2F
1-1: Foul Ball, location: 2F
1-2: Ball
2-2: Ball
3-2: Foul Ball, location: 2F
3-2: Base on Balls
Logan Manning to second
Batting: LHB Job Pels 0-0: Called Strike
0-1: SINGLE (Groundball, 25) (infield hit)
Logan Manning to third
Gilbert Graham to second
Batting: RHB Ángel López 0-0: Ball
1-0: Swinging Strike
1-1: Called Strike
1-2: Ball
2-2: Ball
3-2: Foul Ball, location: 2F
3-2: Fly out, F9 (Flyball, 9)
Runner from 3rd tags up, SCORES, throw made
Batting: RHB Pepe Castroneves 0-0: Ball
1-0: Grounds into double play, 5-4-3 (Groundball, 56)
Bottom of the 2nd over - 1 run(s), 1 hit(s), 0 error(s), 1 left on base; Alaskan 0 - Santa Barbara 1
TOP OF THE 3RD
Alaskan Humpbacks batting - Pitching for Santa Barbara Golden Cranes : RHP Jason Troughton
Batting: RHB Néstor Berino 0-0: Ball
1-0: Called Strike
1-1: Foul Ball, location: 2F
1-2: Ground out 5-3 (Groundball, 56)
Batting: LHB Ray Merrill 0-0: Ball
1-0: Foul Ball, location: 2F
1-1: Ground out 4-3 (Groundball, 4)
Batting: RHB Pablo Marrero 0-0: Ball
1-0: Foul Ball, location: 2F
1-1: Foul Ball, location: 2F
1-2: Strikes out swinging
Top of the 3rd over - 0 run(s), 0 hit(s), 0 error(s), 0 left on base; Alaskan 0 - Santa Barbara 1
BOTTOM OF THE 3RD
Santa Barbara Golden Cranes batting - Pitching for Alaskan Humpbacks : RHP Jim Unknown
Batting: RHB Frank Grimes 0-0: Ball
1-0: DOUBLE (Line Drive, 78M)
Batting: RHB Rubén Campos 0-0: Ball
1-0: Swinging Strike
1-1: Called Strike
1-2: Foul Ball, location: 2F
1-2: Ball
2-2: Strikes out swinging
Batting: RHB Pablo Lugo 0-0: Ball
1-0: Called Strike
1-1: SINGLE (Groundball, 6MD)
Frank Grimes to third
Runner from 3rd tries for Home, throw and OUT!
Pablo Lugo to second
Batting: LHB Sixto Álvarez 0-0: Ball
1-0: Called Strike
1-1: 2-RUN HOME RUN (Flyball, 78XD), Distance : 429 ft
Batting: RHB Logan Manning 0-0: Ball
1-0: SINGLE (Line Drive, 6D)
Batting: RHB Gilbert Graham 0-0: Called Strike
0-1: Fly out, F9 (Flyball, 9LD)
Bottom of the 3rd over - 2 run(s), 4 hit(s), 0 error(s), 1 left on base; Alaskan 0 - Santa Barbara 3
TOP OF THE 4TH
Alaskan Humpbacks batting - Pitching for Santa Barbara Golden Cranes : RHP Jason Troughton
Batting: RHB Ramón Valdéz 0-0: SINGLE (Groundball, 15S) (infield hit)
Batting: SHB Tony Martínez 0-0: Called Strike
0-1: Ball
1-1: DOUBLE (Flyball, 7D)
Ramón Valdéz to third
Batting: RHB Román Centena 0-0: Fly out, F9 (Flyball, 9S)
Batting: RHB Thom Beach 0-0: Ball
1-0: Ground out 6-3 (Groundball, 6)
Ramón Valdéz scores
Batting: LHB Bryan Gregg 0-0: Called Strike
0-1: Ball
1-1: Swinging Strike
1-2: Ball
2-2: Strikes out swinging
Top of the 4th over - 1 run(s), 2 hit(s), 0 error(s), 1 left on base; Alaskan 1 - Santa Barbara 3
BOTTOM OF THE 4TH
Santa Barbara Golden Cranes batting - Pitching for Alaskan Humpbacks : RHP Jim Unknown
Batting: LHB Job Pels 0-0: Ground out 3-1 (Groundball, 34S)
Batting: RHB Ángel López 0-0: Called Strike
0-1: Swinging Strike
0-2: Ball
1-2: Foul Ball, location: 2F
1-2: Ball
2-2: Fly out, F8 (Flyball, 8LM)
Batting: RHB Pepe Castroneves 0-0: Called Strike
0-1: Ball
1-1: Ball
2-1: Ball
3-1: Foul Ball, location: 2F
3-2: Foul Ball, location: 2F
3-2: Foul Ball, location: 2F
3-2: SINGLE (Flyball, 9S)
Batting: RHB Frank Grimes 0-0: Ball
1-0: Ball
2-0: Foul Ball, location: 2F
2-1: DOUBLE (Line Drive, 7LM)
Pepe Castroneves to third
Runner from 3rd tries for Home, SAFE, no throw
Batting: RHB Rubén Campos 0-0: Ball
1-0: Ball
2-0: Ball
3-0: Called Strike
3-1: Base on Balls
Batting: RHB Pablo Lugo 0-0: Ball
1-0: Called Strike
1-1: Ball
2-1: Ball
3-1: Fly out, F9 (Line Drive, 9D)
Bottom of the 4th over - 1 run(s), 2 hit(s), 0 error(s), 2 left on base; Alaskan 1 - Santa Barbara 4
TOP OF THE 5TH
Alaskan Humpbacks batting - Pitching for Santa Barbara Golden Cranes : RHP Jason Troughton
Batting: LHB Miguel Martínez 0-0: Called Strike
0-1: Fly out, F9 (Flyball, 9)
Batting: RHB Néstor Berino 0-0: Called Strike
0-1: Ball
1-1: Foul Ball, location: 2F
1-2: Foul Ball, location: 2F
1-2: Ball
2-2: Ball
3-2: Base on Balls
Batting: LHB Ray Merrill 0-0: Ball
1-0: Ball
2-0: Called Strike
2-1: Foul Ball, location: 2F
2-2: Foul Ball, location: 2F
2-2: Foul Ball, location: 2F
2-2: Fly out, F4 (Line Drive, 4)
Batting: RHB Pablo Marrero 0-0: Ball
1-0: Ball
2-0: Foul Ball, location: 2F
2-1: Fielders Choice at 2nd, 6-4 (Groundball, 6)
Top of the 5th over - 0 run(s), 0 hit(s), 0 error(s), 0 left on base; Alaskan 1 - Santa Barbara 4
BOTTOM OF THE 5TH
Santa Barbara Golden Cranes batting - Pitching for Alaskan Humpbacks : RHP Jim Unknown
Batting: LHB Sixto Álvarez 0-0: Foul Ball, location: 2F
0-1: Ball
1-1: Foul Ball, location: 2F
1-2: SINGLE (Line Drive, 7)
Batting: RHB Logan Manning 0-0: Called Strike
0-1: Ball
1-1: Swinging Strike
1-2: Foul Ball, location: 2F
1-2: Strikes out swinging
Batting: RHB Gilbert Graham 0-0: Fly out, F8 (Flyball, 89D)
Batting: LHB Job Pels 0-0: DOUBLE (Groundball, 3L)
Sixto Álvarez to third
Pitching: RHP Mike Russell
Batting: RHB Ángel López 0-0: Called Strike
0-1: Ball
1-1: Ball
2-1: Ground out 6-3 (Groundball, 6S)
Bottom of the 5th over - 0 run(s), 2 hit(s), 0 error(s), 2 left on base; Alaskan 1 - Santa Barbara 4
TOP OF THE 6TH
Alaskan Humpbacks batting - Pitching for Santa Barbara Golden Cranes : RHP Jason Troughton
Batting: RHB Ramón Valdéz 0-0: Called Strike
0-1: Ground out 1-3 (Groundball, P)
Batting: SHB Tony Martínez 0-0: Called Strike
0-1: Foul Ball, location: 2F
0-2: Strikes out swinging
Batting: RHB Román Centena 0-0: Foul Ball, location: 2F
0-1: Swinging Strike
0-2: Fly out, F6 (Flyball, 6MD)
Top of the 6th over - 0 run(s), 0 hit(s), 0 error(s), 0 left on base; Alaskan 1 - Santa Barbara 4
BOTTOM OF THE 6TH
Santa Barbara Golden Cranes batting - Pitching for Alaskan Humpbacks : RHP Mike Russell
Batting: RHB Pepe Castroneves 0-0: Called Strike
0-1: SINGLE (Groundball, 56S) (infield hit)
Batting: RHB Frank Grimes 0-0: Ball
1-0: Ball
Pepe Castroneves steals 2nd base
2-0: Sac Bunt - play at first, batter OUT! 2-4
Pepe Castroneves to third
Batting: RHB Rubén Campos 0-0: Ball
1-0: Foul Ball, location: 2F
1-1: Hit by Pitch
Batting: RHB Pablo Lugo 0-0: Ball
Rubén Campos steals 2nd base
1-0: Ball
2-0: Foul Ball, location: 2F
2-1: Ground out 4-3 (Groundball, 34)
Pepe Castroneves scores
Rubén Campos to third
Batting: LHB Sixto Álvarez 0-0: Swinging Strike
0-1: SINGLE (Line Drive, 4M)
Rubén Campos scores
Batting: RHB Logan Manning 0-0: Foul Ball, location: 2F
0-1: Foul Ball, location: 2F
0-2: SINGLE (Groundball, 6MD)
Sixto Álvarez to second
Runner from 2nd tries for 3rd, SAFE, throw made to third
Batting: RHB Gilbert Graham 0-0: Foul Ball, location: 2F
0-1: Ball
1-1: Foul Ball, location: 2F
1-2: Ball
2-2: Foul Ball, location: 2F
2-2: SINGLE (Groundball, 6MD)
Sixto Álvarez scores
Logan Manning to second
Batting: LHB Job Pels 0-0: Swinging Strike
0-1: Fly out, F7 (Flyball, 7LSF)
Bottom of the 6th over - 3 run(s), 4 hit(s), 0 error(s), 2 left on base; Alaskan 1 - Santa Barbara 7
TOP OF THE 7TH
Alaskan Humpbacks batting - Pitching for Santa Barbara Golden Cranes : RHP Jason Troughton
Batting: RHB Thom Beach 0-0: Ball
1-0: Called Strike
1-1: Foul Ball, location: 2F
1-2: Ball
2-2: Foul Ball, location: 2F
2-2: Ground out 1-3 (Groundball, 13S)
Batting: LHB Bryan Gregg 0-0: Ball
1-0: Fly out, F5 (Line Drive, 56)
Batting: LHB Miguel Martínez 0-0: Ball
1-0: Swinging Strike
1-1: Ball
2-1: Foul Ball, location: 2F
2-2: Ball
3-2: Base on Balls
Batting: RHB Néstor Berino 0-0: Called Strike
0-1: Ball
1-1: Ball
2-1: Fielders Choice at 2nd, 5-4 (Groundball, 5L)
Top of the 7th over - 0 run(s), 0 hit(s), 0 error(s), 0 left on base; Alaskan 1 - Santa Barbara 7
BOTTOM OF THE 7TH
Santa Barbara Golden Cranes batting - Pitching for Alaskan Humpbacks : RHP Mike Russell
Batting: RHB Ángel López 0-0: Fly out, F8 (Flyball, 8LD)
Batting: RHB Pepe Castroneves 0-0: Ball
1-0: DOUBLE (Flyball, 8RM)
Batting: RHB Frank Grimes 0-0: Ball
1-0: Fly out, F7 (Flyball, 7D)
Runner from 2nd tags up, SAFE at 3rd, no throw
Batting: RHB Rubén Campos 0-0: Ball
1-0: Ball
2-0: Ball
3-0: Called Strike
3-1: 2-RUN HOME RUN (Line Drive, 7LD), Distance : 370 ft
Pitching: RHP Fernando Peralta
Batting: RHB Pablo Lugo 0-0: Ball
1-0: Ball
2-0: Ball
3-0: Called Strike
3-1: Base on Balls
Batting: LHB Sixto Álvarez 0-0: Ball
1-0: Ball
2-0: Ball
3-0: Base on Balls
Pablo Lugo to second
Batting: RHB Logan Manning 0-0: Ball
1-0: Ball
2-0: Ball
3-0: Base on Balls
Pablo Lugo to third
Sixto Álvarez to second
Batting: RHB Gilbert Graham 0-0: Ball
1-0: Foul Ball, location: 2F
1-1: Ball
2-1: Foul Ball, location: 2F
2-2: Ball
3-2: Foul Ball, location: 2F
3-2: Base on Balls
Pablo Lugo scores
Sixto Álvarez to third
Logan Manning to second
Batting: LHB Job Pels 0-0: Ball
1-0: Ground out U3 (Groundball, 34)
Bottom of the 7th over - 3 run(s), 2 hit(s), 0 error(s), 3 left on base; Alaskan 1 - Santa Barbara 10
TOP OF THE 8TH
Alaskan Humpbacks batting - Pitching for Santa Barbara Golden Cranes : RHP Jason Troughton
Now in LF: Salvador Noriega
Batting: LHB Ray Merrill 0-0: Ball
1-0: DOUBLE (Groundball, 3L)
Batting: RHB Pablo Marrero 0-0: Foul Ball, location: 2F
0-1: Fly out, F8 (Flyball, 8LD)
Batting: RHB Ramón Valdéz 0-0: Swinging Strike
0-1: Ball
1-1: Fly out, F9 (Line Drive, 9)
Runner from 2nd tags up, SAFE at 3rd with throw
Batting: SHB Tony Martínez 0-0: Called Strike
0-1: Foul Ball, location: 2F
0-2: Strikes out looking
Top of the 8th over - 0 run(s), 1 hit(s), 0 error(s), 1 left on base; Alaskan 1 - Santa Barbara 10
BOTTOM OF THE 8TH
Santa Barbara Golden Cranes batting - Pitching for Alaskan Humpbacks : RHP Fernando Peralta
Batting: RHB Ángel López 0-0: Ball
1-0: Foul Ball, location: 2F
1-1: Ball
2-1: Foul Ball, location: 2F
2-2: Strikes out swinging
Batting: RHB Pepe Castroneves 0-0: Foul Ball, location: 2F
0-1: Ball
1-1: Called Strike
1-2: Foul Ball, location: 2F
1-2: Ground out 4-3 (Groundball, 4)
Batting: RHB Frank Grimes 0-0: DOUBLE (Line Drive, 7)
Batting: RHB Rubén Campos 0-0: Fly out, F7 (Flyball, 7D)
Bottom of the 8th over - 0 run(s), 1 hit(s), 0 error(s), 1 left on base; Alaskan 1 - Santa Barbara 10
TOP OF THE 9TH
Alaskan Humpbacks batting - Pitching for Santa Barbara Golden Cranes : RHP Jason Troughton
Batting: RHB Román Centena 0-0: Swinging Strike
0-1: Called Strike
0-2: Strikes out swinging
Batting: RHB Thom Beach 0-0: Called Strike
0-1: Ball
1-1: Ground out 2-3 (Groundball, 2L)
Batting: LHB Bryan Gregg 0-0: Called Strike
0-1: Foul Ball, location: 2F
0-2: Ground out 4-3 (Groundball, 4M)
Top of the 9th over - 0 run(s), 0 hit(s), 0 error(s), 0 left on base; Alaskan 1 - Santa Barbara 10
Friday, December 30th, 2016 - OOTP Baseball 17.12 Build 75